 Dungeon Crawl Stone Soup version 0.29.1-15-g9cfb28693d (webtiles) character file.

Game seed: 5941421800691683793

211205 CatalinOSBI the Executioner (level 18, -1/170 (171) HPs)
             Began as a Minotaur Fighter on Apr 26, 2023.
             Was the Champion of Okawaru.
             Shot with an arrow by a satyr (19 damage)
             ... on level 4 of the Shoals on Apr 28, 2023.
             The game lasted 03:32:53 (34263 turns).

CatalinOSBI the Executioner (Minotaur Fighter)     Turns: 34263, Time: 03:32:53

HP:   -1/170 (171)  AC: 39    Str: 31    XL:     18   Next: 20%
MP:   17/24         EV: 12    Int:  5    God:    Okawaru [******]
Gold: 2431          SH: 12    Dex:  8    Spells: 17/17 levels left

rFire   + + .      SeeInvis .   a - +6 broad axe (vamp)
rCold   . . .      Faith    .   N - +3 buckler of the Pleiades {Str+2}
rNeg    . . .      Spirit   .   F - +2 plate armour of Osul {-Cast rF++ rCorr}
rPois   +          Reflect  .   Y - +1 hat "Bupponea" {rPois Will+++ Str+3 Dex-5}
rElec   .          Harm     .   Q - +2 cloak
rCorr   +          Rampage  +   I - +2 pair of gloves
Will    ++++.      NoCast   +   L - +1 pair of boots {rampage}
Stlth   ..........              W - amulet of regeneration
HPRegen 1.18/turn               O - +4 ring of protection
MPRegen 0.19/turn               D - ring of flight

@: about to teleport, heroic, finesse-ful, spiked, flying, lightly drained
A: horns 2, retaliatory headbutt, fangs 1
}: 1/15 runes: gossamer
a: Renounce Religion, Heroism, Finesse, Duel


You were on level 4 of the Shoals.
You worshipped Okawaru.
Okawaru was exalted by your worship.
You visited 6 branches of the dungeon, and saw 27 of its levels.

You collected 5112 gold pieces.
You spent 2681 gold pieces at shops.

Inventory:

Hand Weapons
 a - a +6 vampiric broad axe (weapon)
 f - the +11 broad axe of the Wizarding Penguin {holy, Str+3 Int-2 Stlth+}
   (Okawaru gifted it to you on level 3 of the Spider Nest)

   It has been blessed by the Shining One to cause great damage to the undead
   and demons.
   Str:       It affects your strength (+3).
   Int:       It affects your intelligence (-2).
   Stlth:     It makes you more stealthy.
 h - a +3 morningstar of chaos
 o - a +1 executioner's axe of freezing
 C - a +2 arbalest of freezing
Missiles
 E - 35 poisoned darts (quivered)
 G - 4 throwing nets
Armour
 m - the +0 pair of boots "Gifywurgh" {Str+6}
   (You acquired it on level 5 of the Lair of Beasts)

   Str:       It affects your strength (+6).
 F - the +2 plate armour of Osul (worn) {-Cast rF++ rCorr}
   (You bought it in a shop on level 7 of the Dungeon)

   rF:        It greatly protects you from fire.
   -Cast:     It prevents spellcasting.
   rCorr:     It protects you from acid and corrosion.
 I - a +2 pair of gloves (worn)
 L - a +1 pair of boots of rampaging (worn)
 N - the +3 buckler of the Pleiades (worn) {Str+2}
   (You acquired it on level 1 of the Lair of Beasts)

   Str:       It affects your strength (+2).
 Q - a +2 cloak (worn)
 Y - the +1 hat "Bupponea" (worn) {rPois Will+++ Str+3 Dex-5}
   (Okawaru gifted it to you on level 1 of the Orcish Mines)

   Str:       It affects your strength (+3).
   Dex:       It affects your dexterity (-5).
   rPois:     It protects you from poison.
   Will:      It greatly increases your willpower.
Jewellery
 l - a +6 ring of intelligence
 t - a +4 ring of slaying
 w - an amulet of guardian spirit
 x - a ring of see invisible
 y - a +6 ring of dexterity
 D - a ring of flight (right hand)
 O - a +4 ring of protection (left hand)
 W - an amulet of regeneration (around neck)
Wands
 q - a wand of acid (19)
 u - a wand of flame (42)
 R - a wand of digging (13)
 S - a wand of roots (11)
 T - a wand of polymorph (6)
 X - a wand of mindburst (14)
Scrolls
 c - a scroll of fear
 j - 8 scrolls of magic mapping
 k - 3 scrolls of poison
 n - 11 scrolls of teleportation
 p - 2 scrolls of silence
 v - a scroll of brand weapon
 H - 4 scrolls of blinking
 K - 6 scrolls of fog
 U - a scroll of immolation
 V - 3 scrolls of enchant armour
Potions
 b - 3 potions of magic
 d - 4 potions of might
 e - 8 potions of curing
 g - 2 potions of heal wounds
 i - a potion of cancellation
 r - 3 potions of lignification
 s - 2 potions of berserk rage
 z - 3 potions of resistance
 A - 2 potions of mutation
 B - 4 potions of brilliance
 J - 6 potions of haste
Miscellaneous
 M - a lightning rod (4/4)
 Z - a phantom mirror


   Skills:
 + Level 17.8(22.8) Fighting
 * Level 23.4(27) Axes
 + Level 20.2(25.2) Armour
 + Level 6.0(11.0) Dodging
 - Level 17.0(22.0) Shields
 - Level 10.0 Invocations


You had 17 spell levels left.
You didn't know any spells.
Your spell library contained the following spells:

 Spells                   Type           Power      Damage    Failure   Level
 Apportation              Tloc           0%         N/A       86%         1
 Magic Dart               Conj           0%         1d3       86%         1
 Sandblast                Erth           0%         2d4       86%         1
 Blink                    Tloc           0%         N/A       94%         2
 Ensorcelled Hibernation  Hex/Ice        0%         N/A       94%         2
 Passwall                 Tmut/Erth      0%         N/A       94%         2
 Poisonous Vapours        Pois/Air       0%         N/A       94%         2
 Scorch                   Fire           0%         2d5       94%         2
 Conjure Flame            Conj/Fire      0%         6-21      99%         3
 Dazzling Flash           Conj/Hex       0%         N/A       99%         3
 Frozen Ramparts          Ice            0%         1d1       99%         3
 Gell's Gravitas          Tloc           0%         N/A       99%         3
 Ignite Poison            Fire/Tmut/Pois 0%         N/A       99%         3
 Inner Flame              Hex/Fire       0%         N/A       99%         3
 Lesser Beckoning         Tloc           0%         N/A       99%         3
 Mephitic Cloud           Conj/Pois/Air  0%         N/A       99%         3
 Ozocubu's Armour         Ice            0%         N/A       99%         3
 Spider Form              Tmut/Pois      0%         N/A       99%         3
 Stone Arrow              Conj/Erth      0%         3d7       99%         3
 Swiftness                Air            0%         N/A       99%         3
 Teleport Other           Tloc           0%         N/A       99%         3
 Anguish                  Hex/Necr       0%         N/A       100%        4
 Cause Fear               Hex            0%         N/A       100%        4
 Corpse Rot               Necr/Pois/Air  0%         N/A       100%        4
 Flame Wave               Conj/Fire      0%         2d4       100%        4
 Ice Form                 Ice/Tmut       0%         N/A       100%        4
 Iskenderun's Mystic Bla  Conj/Tloc      0%         2d3       100%        4
 Sticky Flame             Conj/Fire      0%         2d3       100%        4
 Alistair's Intoxication  Tmut/Pois      0%         N/A       100%        5
 Manifold Assault         Tloc           0%         N/A       100%        5
 Metabolic Englaciation   Hex/Ice        0%         N/A       100%        5
 Silence                  Hex/Air        0%         N/A       100%        5
 Starburst                Conj/Fire      0%         6d3       100%        6
 Ozocubu's Refrigeration  Ice            0%         4d7       100%        7
 Storm Form               Tmut/Air       0%         N/A       100%        7
 Discord                  Hex            0%         N/A       100%        8
 Summon Small Mammal      Summ           Unusable   N/A       N/A         1
 Call Imp                 Summ           Unusable   N/A       N/A         2
 Call Canine Familiar     Summ           Unusable   N/A       N/A         3
 Summon Ice Beast         Ice/Summ       Unusable   N/A       N/A         4
 Simulacrum               Ice/Necr       Unusable   N/A       N/A         6
 Summon Cactus Giant      Summ           Unusable   N/A       N/A         6

Dungeon Overview and Level Annotations

Branches:
Dungeon (11/15)            Temple (1/1) D:4            Lair (5/5) D:11
 Shoals (4/4) Lair:2       Spider (4/4) Lair:3        Slime (0/5) Lair:5
    Orc (2/2) D:10            Elf (0/3) Orc:2

Altars:
Ashenzari
Cheibriados
Dithmenos
Elyvilon
Fedhas
Gozag
Hepliaklqana
Kikubaaqudgha
Makhleb
Nemelex Xobeh
Okawaru
Qazlal
Ru
Sif Muna
Trog
Uskayaw
Vehumet
Wu Jian
Xom
Yredelemnul
Zin
The Shining One

Shops:
D:6 (   D:7 [(   D:9 =   Orc:2 [:!!   Shoals:2 [

Annotations:
D:10 exclusion: downstairs


Innate Abilities, Weirdness & Mutations

You have a pair of horns on your head.
You reflexively headbutt those who attack you in melee.
You have very sharp teeth.


Message History

You bite the satyr, but do no damage.
The satyr is almost dead.
The satyr shoots an arrow.
The arrow hits you!
The satyr shoots an arrow.
You block the arrow.
You barely miss the satyr. You headbutt the satyr!
You kill the satyr!
Okawaru accepts your kill.
The satyr plays a frightful melody on his pipes!
The satyr radiates an aura of fear!
You resist with almost no effort.
A manticore comes into view.
A sea snake comes into view.
The satyr plays a rousing melody on his pipes!
The satyr shoots an arrow.
The arrow hits you.
A satyr comes into view. It is wielding a +0 spear.
The satyr shouts!
You hear a screech!
The satyr plays a rousing melody on his pipes!
The satyr goes into a battle-frenzy!
The satyr shoots an arrow.
The arrow hits you!!
You hear a shout!
Okay, then.
As you read the scroll of teleportation, it crumbles to dust.
You feel strangely unstable.
The satyr shoots an arrow.
The arrow barely misses you.
You gain the combat prowess of a mighty hero.
The manticore flicks its tail.
You block the volley of spikes. The sphinx barely misses you.
You furiously retaliate!
You headbutt the sphinx. The sphinx barely misses you.
The sphinx hits you but does no damage.
The satyr shoots an arrow.
You block the arrow.
You can now deal lightning-fast blows.
The manticore flicks its tail.
The volley of spikes hits you!
The barbed spikes become lodged in your body.
* * * LOW HITPOINT WARNING * * *
The satyr unwields a +0 spear.
The satyr wields a +0 longbow.
The satyr shoots an arrow.
The arrow hits you!!
* * * LOW HITPOINT WARNING * * *
The sphinx hits you but does no damage. x2; You block the sphinx's attack.
A merfolk comes into view. It is wielding a +0 glaive.
The satyr shoots an arrow.
The arrow hits you!!
You die...

..$......))~)..#...~..
########)).)(..........~
#........#~#)...#.)..#..
.~.......###....#....)##
.~....)..#~....~.~..8~..
~....~....~~~~~~~~~~~~~~
...~.........~.8.....~..
.......HS###....#..~####
#......@## #....#....
###.#.c#.~~.....#....~
#.... H~.#....##....
≈≈..~## ..~#..~~#####.
≈≈.~. #..# ### ≈≈..~ ~.c
≈≈.~ .... ≈≈# .~m##


You could see a sphinx, 2 satyrs, a sea snake, a merfolk (wandering) and a
manticore.

Vanquished Creatures
  Saint Roka (Orc:2)
  Nikola (Spider:1)
  Arachne (Spider:4)
  Jorgrun (Shoals:2)
  Polyphemus (Shoals:1)
  Gastronok (D:11)
  A kraken (Shoals:2)
  Donald (Lair:3)
  Ilsuiw (Shoals:3)
  6 emperor scorpions
  Louise (Shoals:1)
  An orc warlord (Orc:2)
  6 ghost moths
  A broodmother (Spider:1)
  The ghost of astronautguy the Champion of Chaos, a journeyman GrMo of Makhleb (Orc:1)
  3 entropy weavers
  A spark wasp (Spider:3)
  2 minotaurs (Shoals:4)
  Snorg (Lair:3)
  A merfolk javelineer (Shoals:1)
  A boulder beetle (Spider:2)
  7 merfolk impalers
  Erolcha (Orc:2)
  An ogre mage (Orc:2)
  3 hydras (Lair:5)
  3 alligator snapping turtles
  2 jorogumos
  2 radroaches
  7 merfolk aquamancers
  4 merfolk avatars (Shoals:2)
  A catoblepas (Shoals:2)
  3 two-headed ogres
  A centaur warrior (Shoals:2)
  Urug (D:11)
  A dancing weapon (Orc:1)
  11 satyrs
  13 death yaks
  2 sun moths
  3 pharaoh ants
  8 sea snakes
  7 steelbarb worms
  18 orb spiders
  19 harpies
  13 orc sorcerers
  2 cyclopes
  16 wolf spiders
  7 fauns
  16 manticores
  9 black mambas
  4 moths of wrath
  12 merfolk sirens
  5 elephants (Lair:2)
  A guardian serpent (Lair:5)
  3 water nymphs
  A gargoyle (D:11)
  21 cane toads
  2 demonic crawlers
  3 torpor snails
  2 rime drakes (Lair:5)
  An unseen horror (D:11)
  Psyche (D:9)
  13 komodo dragons
  3 meliai (Spider:3)
  34 merfolk
  3 trolls
  2 wind drakes
  10 polar bears (Lair:5)
  9 hornets
  3 raiju (Lair:5)
  29 tarantellas
  9 snapping turtles
  50 blink frogs
  7 dream sheep
  44 jumping spiders
  33 culicivoras
  A shadow (D:10)
  A wraith (D:11)
  37 yaks
  15 water elementals
  17 wyverns
  2 basilisks
  3 steam dragons
  66 redbacks
  13 wargs
  17 water moccasins
  Edmund (D:6)
  12 hell hounds (Lair:5)
  A swamp drake (D:11)
  12 black bears
  2 ice beasts
  24 orc warriors
  A sky beast (D:6)
  5 ogres
  19 wolves
  3 centaurs
  2 phantoms
  3 kobold brigands
  10 bullfrogs
  2 gnoll sergeants
  2 scorpions
  2 necrophages
  9 wights
  8 killer bees
  8 electric eels
  8 howler monkeys
  4 jellies
  5 hounds
  13 orc priests
  2 gnoll boudas
  7 iguanas
  33 orc wizards
  Robin (D:3)
  17 gnolls
  6 adders
  An ufetubus (D:4)
  2 dart slugs
  78 orcs
  6 endoplasms
  A giant cockroach (D:4)
  23 goblins
  9 hobgoblins
  2 quokkas
  8 ball pythons
  3 bats
  4 frilled lizards
  26 kobolds
  4 rats
  A butterfly (Lair:1)
  A plant (Shoals:4)
  A tentacle (Shoals:2)
1084 creatures vanquished.

Vanquished Creatures (others)
  A culicivora (Spider:2)
  A redback (Spider:2)
  An orc (Orc:2)
  A bush (Lair:5)
  48 fungi
  138 plants
  85 tentacles (Shoals:2)
275 creatures vanquished.

Grand Total: 1359 creatures vanquished

Notes
Turn   | Place    | Note
-------+----------+-------------------------------------------
     0 | D:1      | CatalinOSBI the Minotaur Fighter began the quest for the
                  | Orb.
     0 | D:1      | Reached XP level 1. HP: 19/19 MP: 0/0
    38 | D:1      | Reached skill level 3 in Axes
    50 | D:1      | Reached XP level 2. HP: 7/26 MP: 1/1
   703 | D:1      | Found a faded altar of an unknown god.
   838 | D:1      | Reached skill level 4 in Axes
  1373 | D:2      | Reached XP level 3. HP: 26/31 MP: 2/2
  1877 | D:2      | Reached skill level 5 in Axes
  2044 | D:2      | Reached XP level 4. HP: 40/40 MP: 3/3
  2120 | D:3      | Noticed Robin
  2131 | D:3      | Killed Robin
  2295 | D:2      | Identified a scroll of acquirement
  2295 | D:2      | Acquired 741 gold pieces
  3148 | D:4      | Found a staircase to the Ecumenical Temple.
  3155 | Temple   | Entered the Ecumenical Temple
  3398 | Temple   | Became a worshipper of Warmaster Okawaru
  3436 | D:4      | Reached XP level 5. HP: 43/46 MP: 4/4
  3834 | D:4      | Found a broken altar of Ashenzari.
  3951 | D:4      | Reached skill level 6 in Axes
  3958 | D:4      | Reached XP level 6. HP: 46/53 MP: 5/5
  4709 | D:4      | Gained mutation: You are weak. (Str -2) [potion of
                  | mutation]
  4709 | D:4      | Gained mutation: You expend magic power (3 MP) to
                  | strengthen your wands. [potion of mutation]
  4744 | D:5      | Entered Level 5 of the Dungeon
  5007 | D:5      | Reached skill level 5 in Shields
  5172 | D:5      | Reached skill level 5 in Fighting
  5172 | D:5      | Reached skill level 7 in Axes
  5314 | D:5      | Reached * piety under Okawaru
  5315 | D:5      | Reached XP level 7. HP: 51/61 MP: 6/6
  5777 | D:6      | Reached skill level 5 in Armour
  5876 | D:6      | Found a shimmering blue altar of Sif Muna.
  5930 | D:6      | Reached skill level 8 in Axes
  6146 | D:6      | Reached ** piety under Okawaru
  6180 | D:6      | Found a shimmering altar of Xom.
  6248 | D:6      | Reached XP level 8. HP: 66/70 MP: 7/7
  6319 | D:6      | Identified the +10 dagger of Conscience {venom, Str+10
                  | Int+3}
  6559 | D:6      | Found Xoumoatego's Weapon Shop.
  6772 | D:6      | Reached skill level 9 in Axes
  6840 | D:6      | Noticed Edmund
  6943 | D:6      | Killed Edmund
  7619 | D:7      | Found Zaif's Weapon Shop.
  7764 | D:7      | Reached skill level 10 in Axes
  7764 | D:7      | Reached XP level 9. HP: 78/79 MP: 8/8
  8043 | D:7      | Reached *** piety under Okawaru
  8387 | D:7      | Found Bat Moje's Armour Shoppe.
  8573 | D:7      | Bought the +2 plate armour of Osul {-Cast rF++ rCorr} for
                  | 841 gold pieces
  8746 | D:7      | Found a radiant altar of Vehumet.
  9335 | D:8      | Reached skill level 11 in Axes
  9702 | D:8      | Reached skill level 1 in Invocations
  9708 | D:8      | Lost mutation: You expend magic power (3 MP) to strengthen
                  | your wands. [potion of mutation]
  9708 | D:8      | Lost mutation: You are weak. (Str -2) [potion of mutation]
  9708 | D:8      | Gained mutation: You have very sharp teeth. [potion of
                  | mutation]
  9720 | D:8      | Noticed a two-headed ogre
  9732 | D:8      | Killed a two-headed ogre
  9732 | D:8      | Reached **** piety under Okawaru
 10009 | D:8      | Reached XP level 10. HP: 88/88 MP: 10/10
 10597 | D:9      | Reached skill level 12 in Axes
 10815 | D:9      | Noticed Psyche
 10830 | D:9      | Killed Psyche
 11004 | D:9      | Noticed a two-headed ogre
 11247 | D:9      | Killed a two-headed ogre
 11247 | D:9      | Reached ***** piety under Okawaru
 11312 | D:9      | Found Woabanax's Jewellery Emporium.
 11747 | D:10     | Entered Level 10 of the Dungeon
 11892 | D:10     | Found a staircase to the Orcish Mines.
 12106 | D:10     | Reached skill level 13 in Axes
 12521 | D:10     | Reached XP level 11. HP: 81/97 MP: 13/13
 12660 | D:10     | Noticed a two-headed ogre
 12679 | D:10     | Killed a two-headed ogre
 13013 | D:10     | Found a hide-covered altar of Uskayaw.
 13322 | D:11     | Noticed Urug
 13322 | D:11     | Noticed Gastronok
 13952 | D:11     | Killed Urug
 13953 | D:11     | Reached skill level 5 in Invocations
 14305 | D:11     | Killed Gastronok
 14305 | D:11     | Received a gift from Okawaru
 14306 | D:11     | Reached skill level 10 in Fighting
 14306 | D:11     | Reached skill level 14 in Axes
 14306 | D:11     | Reached skill level 10 in Shields
 14755 | D:11     | Found a staircase to the Lair.
 15123 | Lair:1   | Entered Level 1 of the Lair of Beasts
 15187 | Lair:1   | Reached skill level 10 in Armour
 15199 | Lair:1   | Reached ****** piety under Okawaru
 15574 | Lair:1   | Received a gift from Okawaru
 15725 | Lair:1   | Reached XP level 12. HP: 93/108 MP: 15/15
 16156 | Lair:1   | Reached skill level 15 in Axes
 16580 | Lair:1   | Acquired the +3 buckler of the Pleiades {Str+2}
 17070 | Lair:2   | Received a gift from Okawaru
 17389 | Lair:2   | Found a shimmering altar of Xom.
 17498 | Lair:2   | Found a staircase to the Shoals.
 17700 | Lair:3   | Found a hole to the Spider Nest.
 17793 | Lair:3   | Reached skill level 16 in Axes
 18016 | Lair:3   | Noticed Snorg
 18033 | Lair:3   | Killed Snorg
 18033 | Lair:3   | Received a gift from Okawaru
 18179 | Lair:3   | Reached XP level 13. HP: 117/117 MP: 17/17
 19478 | Lair:4   | You fall into a shaft and drop 1 floor!
 19478 | Lair:5   | Entered Level 5 of the Lair of Beasts
 19893 | Lair:4   | Reached skill level 17 in Axes
 19944 | Lair:4   | Identified the +6 chain mail "Degaonom" {Harm rC+ rCorr}
                  | (Okawaru gifted it to you on level 4 of the Lair of Beasts)
 19944 | Lair:4   | Received a gift from Okawaru
 20719 | Lair:5   | Identified the +11 quarterstaff of Blood {drain, rElec rF-
                  | rCorr Dex+8}
 20746 | Lair:5   | Acquired 910 gold pieces
 20750 | Lair:5   | Acquired the +0 pair of boots "Gifywurgh" {Str+6}
 20760 | Lair:5   | Acquired 554 gold pieces
 20844 | Lair:5   | Reached XP level 14. HP: 127/127 MP: 19/19
 20976 | Lair:5   | Reached skill level 18 in Axes
 21011 | Lair:5   | Received a gift from Okawaru
 21234 | Lair:5   | Identified the +4 falchion "Omelette" {venom, rPois MP+9
                  | Str+4}
 21431 | Lair:5   | Received a gift from Okawaru
 21484 | Lair:5   | Found a runed translucent door.
 21485 | Lair:5   | Found a staircase to the Slime Pits.
 22442 | Orc:1    | Entered Level 1 of the Orcish Mines
 22723 | Orc:1    | Found a runed translucent door.
 22723 | Orc:1    | Found a shimmering altar of Xom.
 22723 | Orc:1    | Noticed astronautguy's ghost (journeyman GrMo)
 22745 | Orc:1    | Identified the +1 hat "Bupponea" {rPois Will+++ Str+3
                  | Dex-5} (Okawaru gifted it to you on level 1 of the Orcish
                  | Mines)
 22745 | Orc:1    | Received a gift from Okawaru
 22762 | Orc:1    | Killed astronautguy's ghost
 23073 | Orc:2    | Entered Level 2 of the Orcish Mines
 23207 | Orc:2    | Noticed an orc warlord
 23359 | Orc:2    | Killed an orc warlord
 23383 | Orc:2    | Noticed Saint Roka
 23664 | Orc:2    | Killed Saint Roka
 23710 | Orc:2    | Found a staircase to the Elven Halls.
 23838 | Orc:2    | Reached XP level 15. HP: 124/125 MP: 21/21
 23929 | Orc:2    | Noticed Erolcha
 23947 | Orc:2    | Killed Erolcha
 23955 | Orc:2    | Reached skill level 10 in Invocations
 24102 | Orc:2    | Found Biqeskea's Distillery.
 24110 | Orc:2    | Bought 2 potions of curing for 96 gold pieces
 24110 | Orc:2    | Bought a potion of heal wounds for 80 gold pieces
 24110 | Orc:2    | Bought a potion of curing for 48 gold pieces
 24110 | Orc:2    | Bought a potion of curing for 48 gold pieces
 24110 | Orc:2    | Bought a potion of curing for 48 gold pieces
 24121 | Orc:2    | Found a radiant altar of Vehumet.
 24129 | Orc:2    | Found Isiughirph's Book Shop.
 24146 | Orc:2    | Found an ancient bone altar of Kikubaaqudgha.
 24157 | Orc:2    | Bought a manual of Armour for 960 gold pieces
 24217 | Orc:2    | Found Ukhotoif's Antique Armour Shop.
 24243 | Orc:2    | Found Seokkek's Distillery.
 24246 | Orc:2    | Bought a glowing cloak for 210 gold pieces
 24264 | Orc:2    | Bought a potion of heal wounds for 70 gold pieces
 24264 | Orc:2    | Bought a potion of haste for 140 gold pieces
 24264 | Orc:2    | Bought a potion of haste for 140 gold pieces
 24621 | Spider:1 | Entered Level 1 of the Spider Nest
 24649 | Lair:3   | Received a gift from Okawaru
 24835 | Spider:1 | Noticed Donald
 24864 | Lair:3   | Killed Donald
 25133 | Spider:1 | Reached skill level 19 in Axes
 25205 | Spider:1 | Identified the +1 chain mail "Xiavuate" {Harm rC+} (Okawaru
                  | gifted it to you on level 1 of the Spider Nest)
 25205 | Spider:1 | Received a gift from Okawaru
 25206 | Spider:1 | Reached skill level 15 in Armour
 25260 | Spider:1 | Noticed Nikola
 25277 | Spider:1 | Killed Nikola
 25533 | Spider:1 | Reached skill level 15 in Fighting
 25533 | Spider:1 | Reached skill level 15 in Shields
 25558 | Spider:1 | Identified the +2 robe "Xetigh" {-Tele rPois Str+5 Slay+5}
 25864 | Spider:2 | Noticed an emperor scorpion
 25877 | Spider:2 | Killed an emperor scorpion
 26145 | Spider:2 | Noticed an emperor scorpion
 26157 | Spider:2 | Killed an emperor scorpion
 26453 | Spider:2 | Received a gift from Okawaru
 26667 | Spider:2 | Reached skill level 20 in Axes
 27126 | Spider:3 | Reached XP level 16. HP: 146/146 MP: 22/22
 27462 | Spider:3 | Identified the +1 robe of Efysem {rC++}
 27863 | Spider:4 | Entered Level 4 of the Spider Nest
 27956 | Spider:3 | Identified the +11 broad axe of the Wizarding Penguin
                  | {holy, Str+3 Int-2 Stlth+} (Okawaru gifted it to you on
                  | level 3 of the Spider Nest)
 27956 | Spider:3 | Received a gift from Okawaru
 28312 | Spider:4 | Got the Teachings on Air and the Swarm
 28371 | Spider:4 | Acquired a +1 executioner's axe of freezing
 28427 | Spider:4 | Noticed Arachne
 28448 | Spider:4 | Killed Arachne
 28449 | Spider:4 | Reached skill level 21 in Axes
 28577 | Spider:4 | Identified the +0 robe of Pessimism {rF+++ rC+ Str+3}
                  | (Okawaru gifted it to you on level 4 of the Spider Nest)
 28577 | Spider:4 | Received a gift from Okawaru
 29274 | Spider:4 | Got a gossamer rune of Zot
 29474 | Shoals:1 | Entered Level 1 of the Shoals
 29474 | Shoals:1 | Noticed Louise
 29511 | Shoals:1 | Killed Louise
 29515 | Shoals:1 | Reached XP level 17. HP: 97/160 MP: 23/23
 30347 | Shoals:2 | Noticed Polyphemus
 30391 | Shoals:1 | Reached skill level 1 in Dodging
 30394 | Shoals:1 | Killed Polyphemus
 30398 | Shoals:1 | Reached skill level 22 in Axes
 30429 | Shoals:2 | Received a gift from Okawaru
 30639 | Shoals:2 | Received a gift from Okawaru
 30700 | Shoals:2 | Noticed Jorgrun
 30714 | Shoals:2 | Killed Jorgrun
 30724 | Shoals:2 | Found Pick's Armour Boutique.
 30771 | Shoals:2 | Noticed a kraken
 32675 | Shoals:2 | Killed a kraken
 33347 | Shoals:3 | Noticed Ilsuiw
 33352 | Shoals:3 | Received a gift from Okawaru
 33404 | Shoals:3 | Killed Ilsuiw
 33790 | Shoals:4 | Entered Level 4 of the Shoals
 33987 | Shoals:4 | Reached skill level 5 in Dodging
 34092 | Shoals:4 | Reached skill level 23 in Axes
 34136 | Shoals:4 | Reached XP level 18. HP: 170/170 MP: 24/24
 34209 | Shoals:4 | Identified the +9 whip of the Sky {drain, Fly Dex+4}
 34263 | Shoals:4 | Shot with an arrow by a satyr

Illustrated notes

Levels and vault maps discovered:
D:1:      wander_arrival_desolate, layout_basic,
          shapermc_ecumenical_altar_acropolis
D:2:      layout_loops_cross, minmay_octomino_c4
D:3:      layout_rooms, dreamdust_princess_bridge, nrook_campfire, uniq_robin
D:4:      layout_layer_cave, lemuel_tele_altar, minmay_temple_entry_mini_moons,
          minmay_pentangle
D:5:      layout_basic
D:6:      layout_loops_ring, mainiacjoe_overflow_catch_the_wave, serial_shops,
          nicolae_shop_bloodbath_and_beyond, chequers_serial_rivers_micro_a,
          uniq_edmund
D:7:      layout_layer_cave, lemuel_crystal_altar, serial_shops,
          nicolae_shop_hallway_stairs, nicolae_shop_crystal
D:8:      layout_basic
D:9:      layout_basic, serial_shops, shop, uniq_psyche
D:10:     layout_roguey, mainiacjoe_overflow_alcove_2,
          minmay_orc_entry_guard_dogs
D:11:     layout_roguey, erik_lair_dragon, uniq_urug, uniq_gastronok
Temple:   bh_familiar_temple
Lair:1:   layout_chaotic_city, lemuel_fruit_fields, infiniplex_staircase_pool
Lair:2:   layout_regular_city, elwin_shoals_entry_rooms, basic_altar,
          grunt_megastairs_4
Lair:3:   layout_cave_pods, hellmonk_spider_entry_life_and_decay,
          hibernation_bobbens, serial_bayou_shore_a, uniq_snorg
Lair:4:   layout_gridlike
Lair:5:   hangedman_lair_caniforms_friends, layout_loops_ring,
          hangedman_lair_tendril_chambers, slime_entry_2, serial_bayou_ford_a
Shoals:1: layout_shoals, uniq_louise
Shoals:2: layout_shoals, serial_shops, shop_statue, uniq_polyphemus,
          uniq_jorgrun
Shoals:3: layout_shoals, uniq_ilsuiw
Shoals:4: shoals_end_hellmonk_lost_city
Spider:1: nicolae_spider_mines_1, uniq_nikola, uniq_donald
Spider:2: layout_cave_pods
Spider:3: layout_spider_delve
Spider:4: spider_rune_water, uniq_arachne
Orc:1:    layout_caves, ebering_ghost_xom
Orc:2:    kennysheep_orc_mage_school, layout_caves, uniq_saint_roka

Skill      XL: |  1  2  3  4  5  6  7  8  9 10 11 12 13 14 15 16 17 18 |
---------------+-------------------------------------------------------+-----
Axes           | 3 4 5 6 7 8 10 11 13 14 16 17 18 20 21 23 | 23.4
Shields        | 4 5 7 8 9 10 11 12 14 15 16 17 | 17.0
Fighting       | 4 5 7 8 9 10 11 12 14 15 16 17 | 17.8
Armour         | 4 5 6 7 9 10 11 12 14 16 18 20 | 20.2
Invocations    | 2 4 5 6 8 9 10 | 10.0
Dodging        | 5 6 |  6.0

Action                   |  1- 3 |  4- 6 |  7- 9 | 10-12 | 13-15 | 16-18 || total
-------------------------+-------+-------+-------+-------+-------+-------++-------
Melee: War axe           |    86 |    97 |   285 |   372 |       |       ||   840
       Headbutt          |     8 |    15 |    43 |   128 |   267 |   222 ||   683
       Bite              |       |       |     1 |    80 |   138 |   126 ||   345
       Broad axe         |       |       |       |   230 |  1206 |   975 ||  2411
       Flail             |       |       |       |       |    18 |       ||    18
 Fire: Sling             |       |    63 |    84 |    59 |    11 |       ||   217
       Arbalest          |       |       |       |       |       |    64 ||    64
Throw: Dart              |       |     3 |     2 |       |    12 |       ||    17
Invok: Heroism           |       |       |       |       |     2 |     2 ||     4
       Finesse           |       |       |       |       |     1 |     3 ||     4
Evoke: Wand              |       |       |       |       |       |     1 ||     1
  Use: Scroll            |     5 |    11 |     3 |     6 |     4 |     4 ||    33
       Potion            |     1 |     7 |     2 |     2 |     2 |    10 ||    24
 Stab: Invisible         |       |       |     2 |       |     4 |       ||     6
Armor: Scale mail        |     7 |       |       |       |       |       ||     7
       Plate armour      |    47 |    86 |   179 |   242 |   640 |  1020 ||  2214
Dodge: Dodged            |    23 |    33 |    79 |   101 |   280 |   506 ||  1022
Block: Buckler           |    14 |    23 |    96 |   303 |   675 |   558 ||  1669
       Reflection        |       |       |     1 |     5 |     6 |       ||    12
